 Dungeon Crawl Stone Soup version 0.29-a0-194-g6e3aafee17 (webtiles) character file.

Game seed: 9110606106175259095

13974 Zeldest the Blocker (level 12, -4/148 HPs)
             Began as a Formicid Fighter on Feb 22, 2022.
             Was a High Priest of Okawaru.
             Slain by a blink frog (9 damage)
             ... on level 1 of the Lair of Beasts.
             The game lasted 00:21:18 (14253 turns).

Zeldest the Blocker (Formicid Fighter)             Turns: 14253, Time: 00:21:18

Health: -4/148     AC: 26    Str: 25    XL:     12   Next: 39%
Magic:  17/17      EV:  2    Int:  9    God:    Okawaru [*****.]
Gold:   638        SH: 16    Dex: 10    Spells: 11/11 levels left

rFire   + . .      SeeInvis .   w - +0 demon whip (venom)
rCold   . . .      Faith    .   b - +0 tower shield
rNeg    . . .      Spirit   .   (body armour currently unavailable)
rPois   +          Reflect  .   (helmet unavailable)
rElec   .          Harm     .   (cloak currently unavailable)
rCorr   +          Rampage  .   (gloves currently unavailable)
Will    +....                   (boots currently unavailable)
Stlth   +.........              (no amulet)
HPRegen 0.34/turn               k - ring of resist corrosion
MPRegen 0.15/turn               x - ring of protection from fire

@: tree-form
A: stationary, stasis, torment immunity, boosted hp, permanent stasis, dig
shafts and tunnels, (antennae 3), four strong arms
a: Renounce Religion, Heroism, Finesse, Duel


You were on level 1 of the Lair of Beasts.
You worshipped Okawaru.
Okawaru was extremely pleased with you.
You were a tree.
You visited 3 branches of the dungeon, and saw 12 of its levels.

You collected 683 gold pieces.
You spent 45 gold pieces at shops.

Inventory:

Hand Weapons
 a - a +4 scimitar of flaming
 v - a +3 dire flail
 w - a +0 demon whip of venom (weapon)
Armour
 b - a +0 tower shield (worn)
 t - a +0 chain mail (melded)
 z - a scarf of repulsion (melded)
Jewellery
 e - an amulet of magic regeneration
 k - a ring of resist corrosion (left branch)
 x - a ring of protection from fire (right branch)
 B - a +6 ring of dexterity
 D - a ring of ice
Wands
 j - a wand of paralysis (7)
 q - a wand of flame (15)
Scrolls
 c - a scroll of fear {unknown}
 d - a scroll of brand weapon
 f - a scroll of enchant armour {unknown}
 h - 4 scrolls of enchant weapon
 i - a scroll of vulnerability
 l - 3 scrolls of fog
 o - 2 scrolls of magic mapping
 r - a scroll of amnesia {unknown}
 u - a scroll of silence {unknown}
 y - 4 scrolls of immolation
 C - a scroll of identify
Potions
 g - 3 potions of magic
 n - a potion of brilliance
 s - 7 potions of lignification
 A - a potion of flight {unknown}
 E - a potion of haste {unknown}


   Skills:
 + Level 10.6 Fighting
 - Level 3.4(6.5) Axes
 + Level 8.6(9.0) Maces & Flails
 + Level 10.6 Armour
 + Level 11.5 Shields
 + Level 7.5 Invocations


You had 11 spell levels left.
You didn't know any spells.
Your spell library contained the following spells:

 Spells                   Type           Power      Damage    Failure   Level
 Sandblast                Erth           0%         2d4       82%         1
 Shock                    Conj/Air       0%         1d3       82%         1
 Passwall                 Tmut/Erth      0%         N/A       91%         2
 Gell's Gravitas          Tloc           0%         N/A       99%         3
 Lesser Beckoning         Tloc           0%         N/A       99%         3
 Stone Arrow              Conj/Erth      0%         3d7       99%         3
 Teleport Other           Tloc           0%         N/A       99%         3
 Airstrike                Air            0%         N/A       100%        4
 Passage of Golubria      Tloc           0%         N/A       100%        4
 Lightning Bolt           Conj/Air       0%         1d11      100%        5
 Manifold Assault         Tloc           0%         N/A       100%        5
 Yara's Violent Unravell  Hex/Tmut       0%         3d3       100%        5
 Starburst                Conj/Fire      0%         6d3       100%        6
 Storm Form               Tmut/Air       0%         N/A       100%        7
 Blink                    Tloc           Unusable   N/A       N/A         2
 Swiftness                Air            Unusable   N/A       N/A         3
 Tukima's Dance           Hex            Unusable   N/A       N/A         3
 Summon Lightning Spire   Summ/Air       Unusable   N/A       N/A         4
 Malign Gateway           Summ/Tloc      Unusable   N/A       N/A         7

Dungeon Overview and Level Annotations

Branches:
Dungeon (10/15)            Temple (1/1) D:7            Lair (1/6) D:8
    Orc (0/2) D:10

Altars:
Ashenzari
Cheibriados
Dithmenos
Elyvilon
Fedhas
Gozag
Hepliaklqana
Kikubaaqudgha
Makhleb
Nemelex Xobeh
Okawaru
Qazlal
Ru
Sif Muna
Uskayaw
Vehumet
Xom
Yredelemnul
Zin
The Shining One

Shops:
D:2 =   D:4 =   D:5 [

Portals:
Abyss: D:4

Annotations:
D:4 exclusion: door


Innate Abilities, Weirdness & Mutations

You are a tree.
Your roots penetrate the ground, keeping you stationary.
You cannot be teleported.
You are immune to unholy pain and torment.
Your maximum health is greatly increased.
Your equipment is partially melded.
You cannot be hasted, slowed, berserked, paralysed or teleported.
You can dig through walls and to a lower floor.
((You have a pair of large antennae on your head. (SInv)))
Your four strong arms can wield two-handed weapons with a shield.


Message History

The blink frog is lightly wounded.
The blink frog blinks! x3
You closely miss the blink frog.
The blink frog is moderately wounded.
The blink frog hits you.
* * * LOW HITPOINT WARNING * * *
The blink frog blinks!
You whack the blink frog!
The blink frog looks as sick as possible!
The blink frog is moderately wounded.
The blink frog blinks!
The blink frog hits you.
* * * LOW HITPOINT WARNING * * *
You miss the blink frog.
The blink frog is heavily wounded.
You block the blink frog's attack.
You miss the blink frog.
The blink frog is heavily wounded.
The blink frog hits you!
* * * LOW HITPOINT WARNING * * *
You block the blink frog's attack. The blink frog hits you.
* * * LOW HITPOINT WARNING * * *
The blink frog blinks!
You feel better. You block the blink frog's attack.
You barely miss the blink frog.
The blink frog is heavily wounded.
The blink frog hits you but does no damage.
You block the blink frog's attack.
You miss the blink frog.
The blink frog is heavily wounded.
You block the blink frog's attack. x2; The blink frog hits you.
* * * LOW HITPOINT WARNING * * *
You miss the blink frog.
The blink frog is heavily wounded.
The blink frog hits you but does no damage.
The blink frog blinks!
You block the blink frog's attack. x2
You closely miss the blink frog.
The blink frog is heavily wounded.
The blink frog hits you but does no damage.
The blink frog hits you!
You die...

###+#+ ....### #.#...##
...#... #......# ......
......P ..... ....# ...#
...... ###..##...#
#....####P##.F#...#..
##............F♣...#..#
##..............§F......
........................
........................
........................
........................
##.....#######..........
##.....###.#.##.........
.##....'.....##.....##.#


You could see 3 blink frogs.

Vanquished Creatures
  A boulder beetle (D:9)
  Erica (D:8)
  A two-headed ogre (D:8)
  A death yak (D:8)
  A cyclops (D:9)
  Joseph (D:8)
  A rime drake (Lair:1)
  A kobold demonologist (D:10)
  A komodo dragon (Lair:1)
  A troll (D:5)
  2 hornets
  A blink frog (Lair:1)
  The ghost of SirDiesAlot the Chucker, an amateur DECj (D:4)
  6 yaks
  2 shadows (D:9)
  A wraith (D:10)
  4 wyverns
  Grum (D:8)
  A basilisk (D:8)
  3 steam dragons (D:10)
  A two-headed ogre zombie (D:10)
  2 small abominations (D:4)
  2 water moccasins
  2 floating eyes (D:9)
  8 orc warriors
  An ice beast (D:6)
  2 hornet zombies
  4 black bears
  A necrophage (D:6)
  3 wolves (D:8)
  4 ogres
  4 centaurs
  3 phantoms
  Blork the orc (D:5)
  A kobold brigand (D:9)
  2 gnoll sergeants
  6 bullfrogs
  3 scorpions
  2 troll zombies (D:10)
  12 killer bees
  7 howler monkeys
  9 wights
  Crazy Yiuf (D:5)
  A quasit (D:4)
  3 centaur zombies
  A bullfrog zombie (D:7)
  2 bullfrog skeletons
  3 gnoll shamans
  3 orc priests
  4 iguanas
  Natasha (thrice) (D:2)
  11 orc wizards
  5 ogre zombies (D:10)
  2 howler monkey zombies
  7 adders
  15 gnolls
  2 howler monkey skeletons
  2 shadow imps
  A white imp (D:6)
  An ufetubus (D:7)
  A worm (D:2)
  A dart slug (D:5)
  39 orcs
  6 endoplasms
  6 giant cockroaches
  6 goblins
  9 hobgoblins
  5 jackals
  A quokka (D:2)
  8 ball pythons
  4 bats
  4 frilled lizards
  2 goblin skeletons (D:10)
  6 goblin zombies (D:10)
  A hobgoblin skeleton (D:10)
  3 hobgoblin zombies (D:10)
  7 kobolds
  4 orc skeletons (D:10)
  9 orc zombies (D:10)
  2 rats
303 creatures vanquished.

Vanquished Creatures (others)
  An orc wizard (D:4)
  5 bushes (D:8)
  3 fungi
9 creatures vanquished.

Grand Total: 312 creatures vanquished

Notes
Turn   | Place    | Note
-------+----------+-------------------------------------------
     0 | D:1      | Zeldest the Formicid Fighter began the quest for the Orb.
     0 | D:1      | Reached XP level 1. HP: 18/18 MP: 1/1
   205 | D:1      | Reached XP level 2. HP: 20/24 MP: 2/2
   286 | D:1      | Found a faded altar of an unknown god.
   620 | D:1      | Reached skill level 4 in Shields
   620 | D:1      | Reached XP level 3. HP: 26/29 MP: 3/3
   918 | D:2      | Found Wunuukliys's Jewellery Boutique.
  1216 | D:2      | Identified the +1 leather armour of Anoystruc {rN+ Will+}
  1265 | D:2      | Reached XP level 4. HP: 18/37 MP: 4/4
  1516 | D:2      | Noticed Natasha
  1528 | D:2      | Killed Natasha
  1582 | D:2      | Noticed Natasha
  1607 | D:2      | Killed Natasha
  1608 | D:2      | Reached XP level 5. HP: 10/42 MP: 5/5
  2155 | D:2      | Noticed Natasha
  2164 | D:2      | Killed Natasha
  2889 | D:3      | Reached XP level 6. HP: 33/49 MP: 6/6
  3448 | D:3      | Reached skill level 5 in Shields
  3891 | D:4      | Found a transporter.
  3893 | D:4      | Found a transporter.
  3927 | D:4      | Noticed SirDiesAlot's ghost (amateur DECj)
  3942 | D:4      | Found a one-way gate to the infinite horrors of the Abyss.
  3942 | D:4      | Noticed a small abomination
  3990 | D:4      | Found Raniv's Jewellery Shoppe.
  4010 | D:4      | Reached skill level 1 in Maces & Flails
  4121 | D:4      | Noticed an ogre
  4126 | D:4      | Killed an ogre
  4127 | D:4      | Reached skill level 5 in Fighting
  4127 | D:4      | Reached skill level 5 in Armour
  4127 | D:4      | Reached XP level 7. HP: 48/56 MP: 7/7
  4189 | D:4      | Found an ancient bone altar of Kikubaaqudgha.
  4191 | D:4      | Found a hide-covered altar of Uskayaw.
  4417 | D:4      | Found a shimmering altar of Xom.
  4531 | D:4      | Found a shimmering blue altar of Sif Muna.
  4753 | D:4      | Killed a small abomination
  4754 | D:4      | Reached skill level 6 in Shields
  4767 | D:4      | Killed SirDiesAlot's ghost
  4768 | D:4      | Reached XP level 8. HP: 26/64 MP: 8/8
  5079 | D:5      | Entered Level 5 of the Dungeon
  5079 | D:5      | Found Paegaekh's Armour Boutique.
  5093 | D:5      | Bought a +0 tower shield for 45 gold pieces
  5453 | D:5      | Noticed a troll
  5462 | D:5      | Killed a troll
  5729 | D:5      | Noticed Blork the orc
  5737 | D:5      | Killed Blork the orc
  5738 | D:5      | Reached skill level 7 in Shields
  5856 | D:5      | Reached XP level 9. HP: 58/71 MP: 9/9
  6305 | D:5      | Found a runed translucent door.
  6306 | D:5      | Noticed Crazy Yiuf
  6315 | D:5      | Killed Crazy Yiuf
  6690 | D:6      | Found a broken altar of Ashenzari.
  6878 | D:6      | Reached skill level 8 in Shields
  6899 | D:6      | Reached skill level 5 in Maces & Flails
  6942 | D:6      | Identified the +1 ring mail "Kilod" {*Slow +Inv Int+10
                  | Dex+5}
  7218 | D:6      | Found a radiant altar of Vehumet.
  7302 | D:7      | Reached XP level 10. HP: 50/78 MP: 10/10
  7483 | D:7      | Found a staircase to the Ecumenical Temple.
  7520 | Temple   | Entered the Ecumenical Temple
  7561 | Temple   | Became a worshipper of Warmaster Okawaru
  7942 | D:7      | Reached skill level 1 in Invocations
  8356 | D:8      | Reached skill level 9 in Shields
  8366 | D:8      | Noticed Joseph
  8393 | D:8      | Killed Joseph
  8604 | D:8      | Reached * piety under Okawaru
  8658 | D:8      | Noticed a death yak
  8691 | D:8      | Killed a death yak
  9138 | D:8      | Found a staircase to the Lair.
  9489 | D:8      | Reached ** piety under Okawaru
  9522 | D:8      | Noticed Grum
  9540 | D:8      | Killed Grum
  9722 | D:8      | Found a basalt altar of Yredelemnul.
  9787 | D:8      | Found a radiant altar of Vehumet.
  9788 | D:8      | Noticed a two-headed ogre
  9815 | D:8      | Killed a two-headed ogre
  9815 | D:8      | Reached *** piety under Okawaru
  9816 | D:8      | Reached skill level 10 in Shields
  9816 | D:8      | Reached XP level 11. HP: 42/89 MP: 14/14
  9891 | D:8      | Noticed Erica
 10049 | D:8      | Killed Erica
 10050 | D:8      | Reached skill level 5 in Invocations
 10740 | D:9      | Reached **** piety under Okawaru
 10807 | D:9      | Noticed a cyclops
 11152 | D:9      | Noticed a boulder beetle
 11163 | D:9      | Killed a boulder beetle
 11241 | D:9      | Reached ***** piety under Okawaru
 11246 | D:9      | Killed a cyclops
 11247 | D:9      | Reached skill level 10 in Fighting
 11247 | D:9      | Reached skill level 10 in Armour
 11439 | D:9      | Got the Papyrus of the Dislocated Blaze
 11849 | D:10     | Entered Level 10 of the Dungeon
 11865 | D:10     | Reached skill level 11 in Shields
 11870 | D:10     | Reached XP level 12. HP: 76/97 MP: 16/16
 12177 | D:10     | Found a staircase to the Orcish Mines.
 12227 | D:10     | Identified the +1 robe of Okawaru's Displeasure {rPois
                  | Will- Regen+} (Okawaru gifted it to you on level 10 of the
                  | Dungeon)
 12227 | D:10     | Received a gift from Okawaru
 12548 | D:10     | Found a hazy altar of Hepliaklqana.
 12737 | D:10     | HP: 6/138 [poisoned by a killer bee]
 13644 | Lair:1   | Entered Level 1 of the Lair of Beasts
 14248 | Lair:1   | HP: 7/148 [blink frog (11)]
 14248 | Lair:1   | HP: 3/148 [blink frog (4)]
 14253 | Lair:1   | Slain by a blink frog

Illustrated notes

Levels and vault maps discovered:
D:1:      lightli_molten_gateway, layout_basic,
          shapermc_ecumenical_altar_starsandcircs, minmay_misc_feat_encased
D:2:      layout_basic, serial_shops, shop, uniq_natasha
D:3:      layout_basic
D:4:      layout_loops_ring, brannock_xom_greatest_gift,
          nicolae_overflow_hidden_temple, led_sif_book, serial_shops,
          nicolae_take_the_stairs, gammafunk_ghost_abyssal_escape
D:5:      layout_loops_ring, nicolae_stop_n_shop_1, minmay_misc_feat_rows,
          uniq_blork_the_orc, uniq_crazy_yiuf_cottage
D:6:      layout_rooms, ashenzari_altar_1, vehumet_altar_wand_db
D:7:      layout_rooms, minmay_temple_entry_large_hall
D:8:      layout_basic, mainiacjoe_overflow_cross_hatched, david_lair_generic,
          minmay_ruined_shrine, uniq_grum, uniq_joseph, uniq_erica
D:9:      layout_basic, onia_ninara_cookie
D:10:     cheibrodos_steamvent, layout_cave_pools,
          mainiacjoe_overflow_small_starburst, zombieorc2_lemuel,
          minmay_misc_feat_secret_circle, grunt_ministairs_1
Temple:   minmay_temple_bridge_abc
Lair:1:   layout_regular_city, serial_rivers, chequers_serial_rivers_micro_b,
          chequers_serial_rivers_room_b, chequers_serial_rivers_micro_c,
          chequers_serial_rivers_marsh, chequers_serial_rivers_small_b,
          chequers_serial_rivers_marsh, uniq_maggie

Skill      XL: |  1  2  3  4  5  6  7  8  9 10 11 12 |
---------------+-------------------------------------+-----
Shields        | 4 5 6 7 8 10 11 | 11.5
Armour         | 4 5 6 7 9 10 | 10.6
Fighting       | 4 5 6 7 9 10 | 10.6
Axes           | 3 |  3.4
Maces & Flails | 1 2 4 5 7 8 |  8.6
Invocations    | 4 6 7 |  7.5

Action                   |  1- 3 |  4- 6 |  7- 9 | 10-12 || total
-------------------------+-------+-------+-------+-------++-------
Melee: War axe           |    93 |   129 |       |       ||   222
       Demon whip        |       |    19 |   252 |   746 ||  1017
       Hand axe          |       |     3 |       |       ||     3
 Abil: Dig               |       |     2 |     5 |     5 ||    12
Evoke: Wand              |       |       |       |     1 ||     1
  Use: Potion            |       |     1 |     4 |     6 ||    11
       Scroll            |       |       |     8 |     4 ||    12
 Stab: Paralysed         |       |       |       |     1 ||     1
Armor: Scale mail        |    33 |       |       |       ||    33
       Leather armour    |     4 |    25 |       |       ||    29
       Chain mail        |       |    22 |    76 |   167 ||   265
       Skin              |       |       |       |    13 ||    13
Dodge: Dodged            |    46 |    55 |    55 |    89 ||   245
Block: Buckler           |    15 |    30 |    12 |       ||    57
       Tower shield      |       |       |   104 |   506 ||   610

Table legend: (Time is in decaauts)
 A = Elapsed time spent in this place.
 B = Non-inter-level travel time spent in this place.
 C = Inter-level travel time spent in this place.
 D = Time resting spent in this place.
 E = Time spent auto-exploring this place.
 F = Levels seen in this place.
 G = Mean time per level.
                   A        B        C        D        E       F      G
               +--------+--------+--------+--------+--------+-----+--------+
         Total |  14294 |  13654 |    640 |   5678 |   5246 |  12 | 1191.2 |
       Dungeon |  13475 |  12859 |    616 |   5247 |   4980 |  10 | 1347.5 |
        Temple |    217 |    194 |     23 |      0 |    170 |   1 |  217.0 |
          Lair |    601 |    601 |      0 |    431 |     96 |   1 |  601.0 |
               +--------+--------+--------+--------+--------+-----+--------+

Top non-repeatable levels by time:
     D:8: 2347 daAuts
    D:10: 1721 daAuts
     D:2: 1615 daAuts
     D:3: 1532 daAuts
     D:5: 1522 daAuts
     D:4: 1246 daAuts
     D:9: 965 daAuts
     D:7: 922 daAuts
     D:1: 894 daAuts
     D:6: 707 daAuts
  Lair:1: 601 daAuts
  Temple: 217 daAuts
